 Dungeon Crawl Stone Soup version 0.20.1-1-g8b1a95d (webtiles) character file.

39110 letownia2 the Necromancer (level 13, 64/110 HPs)
             Began as a Deep Dwarf Necromancer on Dec 17, 2017.
             Was an Initiate of Gozag.
             Quit the game on level 2 of the Lair of Beasts.
             The game lasted 01:12:30 (16161 turns).

letownia2 the Necromancer (Deep Dwarf Necromancer) Turns: 16161, Time: 01:12:31

Health: 64/110     AC: 17    Str: 16    XL:     13   Next: 67%
Magic:  35/35      EV: 10    Int: 20    God:    Gozag
Gold:   5          SH:  0    Dex: 13    Spells: 23/31 levels left

rFire    + . .     SeeInvis .   b - +1 battleaxe (flame)
rCold    + . .     Gourm    .   (shield currently unavailable)
rNeg     . . .     Faith    .   B - +4 scale mail {rC+}
rPois    +         Spirit   .   l - +2 helmet {Int+3}
rElec    .         Reflect  .   m - +2 cloak
rCorr    .         Harm     .   (no gloves)
MR       +....                  (no boots)
Stlth    +.........             F - amulet of magic regeneration
Regen    0.0/turn               N - ring of poison resistance
MPRegen  0.4/turn               L - ring of magical power

@: non-regenerating, drained
A: damage resistance, heal wounds, talons 1, fire resistance 1, sense
surroundings 2, evolution 1, no regeneration
a: Heal Wounds, Potion Petition, Call Merchant, Bribe Branch, Renounce Religion


You were on level 2 of the Lair of Beasts.
You worshipped Gozag.
Gozag was noncommittal.
You were not hungry.

You visited 4 branches of the dungeon, and saw 17 of its levels.
You also visited: Volcano.

You collected 5774 gold pieces.
You paid 5769 gold pieces to Gozag.

Inventory:

Hand Weapons
 a - a +0 hand axe of freezing
 b - a +1 battleaxe of flaming (weapon)
 c - a +0 blowgun
 H - a +1 bardiche of flaming
 Z - a +5 executioner's axe of chopping
Missiles
 o - 3 curare-tipped needles
 x - 6 steel tomahawks (quivered)
Armour
 e - a +2 plate armour of cold resistance
 l - a +2 helmet of intelligence (worn)
 m - a +2 cloak (worn)
 B - a +4 scale mail of cold resistance (worn)
Jewellery
 D - an uncursed ring of ice
 F - an amulet of magic regeneration (around neck)
 J - an uncursed ring of wizardry
 L - a ring of magical power (right hand)
 N - a ring of poison resistance (left hand)
Wands
 K - a wand of polymorph (3/24)
 U - a wand of acid (0/15)
 V - a wand of flame (19/48)
 Y - a wand of digging (10/24)
Scrolls
 h - 6 scrolls of magic mapping
 i - 2 scrolls of identify
 p - 3 scrolls of remove curse
 t - 2 scrolls of fear
 v - 2 scrolls of teleportation
 y - 3 scrolls of fog
 I - a scroll of summoning {unknown}
 S - a scroll of brand weapon {unknown}
Potions
 g - 2 potions of cancellation
 k - 4 potions of mutation
 n - a potion of lignification
 r - 2 potions of haste
 u - 3 potions of curing
 w - 3 potions of flight
 z - a potion of berserk rage {unknown}
 E - 3 potions of heal wounds
 M - 2 potions of might
 T - a potion of invisibility
Comestibles
 C - 8 royal jellies
 P - 8 bread rations


   Skills:
 - Level 5.4(5.1) Fighting
 + Level 12.9(12.5) Axes
 - Level 4.9(4.6) Armour
 - Level 2.1(1.8) Dodging
 - Level 2.4(2.1) Stealth
 - Level 9.5(9.1) Spellcasting
 - Level 3.2(2.9) Conjurations
 - Level 15.0(14.5) Necromancy
 - Level 3.4(3.1) Fire Magic
 - Level 7.0(6.7) Evocations


You had 23 spell levels left.
You knew the following spells:

 Your Spells              Type           Power        Failure   Level  Hunger
a - Pain                  Necr           ####         1%          1    None
c - Conjure Flame         Conj/Fire      ###.....     22%         3    None
d - Flame Tongue          Conj/Fire      ###..        8%          1    None
v - Vampiric Draining     Necr           ######....   1%          3    None


Dungeon Overview and Level Annotations

Branches:
Dungeon (11/15)            Temple (1/1) D:4            Lair (3/6) D:10
  Swamp (0/4) Lair:2          Orc (2/2) D:9             Elf (0/3) Orc:2
  Snake: Lair:2-4    Spider: Lair:2-4

Altars:
Ashenzari
Dithmenos
Elyvilon
Fedhas
Gozag
Hepliaklqana
Makhleb
Okawaru
Ru
Sif Muna
Uskayaw
Vehumet
Xom
Zin
The Shining One
Beogh

Shops:
D:4 [   Orc:2 ![   Lair:2 !=[=(:

Annotations:
D:4 letownia2's ghost, weakling DDNe
D:10 exclusion: obsidian statue
D:11 exclusion: 2 oklob plants
Orc:2 hilaritas's ghost, journeyman TrHu


Innate Abilities, Weirdness & Mutations

You are resistant to damage.
You can heal yourself by infusing magical energy.
You passively map the area around you.
You do not regenerate.
You have sharp toenails.
Your flesh is heat resistant. (rF+)
You evolve.


Message History

Unknown command.
Unknown command.
Unknown command.
Unknown command.
Unknown command. [a] 929 gold - Wistroecw's Food Shop [b] 1437 gold - Goegay's Distillery [c] 1795 gold - Bymiabah's Antique Weapon Shop [d] 1433 gold - Xixiv's Book Shop Fund which merchant?
You no longer have enough gold to fund merchants seeking to open stores in the dungeon.
Bymiabah invites you to visit her Antique Weapon Shop.
Items here: ! ( )))) // ::: ??? [[
Okay, then.
Put on which piece of jewellery? (? for menu, Esc to quit)
Okay, then.
Wear which item? (? for menu, Esc to quit)
Okay, then.
Okay, then.
Are you sure you want to abandon this character and quit the game? (Confirm with "yes".)

.#...#...#.....#.........##
.##...#....#..##..........#
.##.>.....##..#....P......#
.#.......#.....#..#...P..##
.##...#..................##
###..##...........##......#
...........P.............##
.....##...#...#...##..#..#
.....##...##...#@<.......#
.....##..###...∩∩∩#P..#..#
.........###..##∩∩#......#
.........##...##...#..P..##
.<....#.......##..#...P...#
.....§♣≈≈§♣.......##.....P#
...§≈♣§§§§♣...............#
..♣♣≈≈§§§§♣♣..PP.........##
..≈≈≈§§§§§≈≈♣..#..#......P#


There were no monsters in sight!

Vanquished Creatures
  A stone giant (Orc:1)
  A red draconian (Volcano)
  Erolcha (D:11)
  7 two-headed ogres
  The ghost of xight the Thaumaturge, a journeyman DEFE of Vehumet (D:11)
  An ogre mage (Volcano)
  6 orc knights
  2 ugly things
  A harpy (shapeshifter) (D:11)
  2 cyclopes
  A salamander (Orc:2)
  2 manticores (D:11)
  2 molten gargoyles (Volcano)
  2 centaur skeletons
  A gargoyle (D:10)
  2 spiny frogs
  2 komodo dragons
  2 queen bees
  A meliai (D:11)
  A hornet (D:11)
  A merfolk (Orc:2)
  6 trolls
  2 hippogriffs
  A shadow (D:11)
  25 yaks
  A wraith (D:10)
  A steam dragon (Volcano)
  2 basilisks (D:10)
  8 fire bats (Volcano)
  4 wargs (Orc:2)
  2 acid dragons (D:11)
  7 porcupines
  3 water moccasins
  33 orc warriors
  2 swamp drakes (Volcano)
  4 ice beasts
  5 sky beasts
  An eye of draining (D:9)
  A black bear (D:10)
  2 phantoms
  A boggart (D:11)
  A necrophage (D:10)
  4 centaurs
  9 ogres
  5 crocodiles
  2 big kobolds
  14 bullfrogs
  A gnoll sergeant (D:8)
  3 scorpions
  50 killer bees
  4 howler monkeys
  2 wights (D:11)
  A centaur zombie (D:11)
  5 crimson imps
  4 bullfrog zombies
  3 lava snakes (Volcano)
  2 quasits
  4 hounds
  A jelly (D:8)
  26 orc priests
  3 bullfrog skeletons
  An iguana (D:4)
  Natasha (thrice) (D:3)
  31 orc wizards
  8 worker ants
  2 hound zombies
  2 worker ant zombies
  11 gnolls
  14 adders
  A howler monkey skeleton (D:10)
  4 shadow imps
  4 oozes
  2 adder skeletons
  A worm (D:2)
  5 dart slugs
  5 leopard geckos
  104 orcs
  11 bats
  7 giant cockroaches
  11 goblins
  6 hobgoblins
  13 jackals
  14 kobolds
  6 quokkas
  2 frilled lizards (D:1)
  A jackal skeleton (D:5)
  A leopard gecko skeleton (D:4)
  A quokka skeleton (D:5)
  9 rats
575 creatures vanquished.

Vanquished Creatures (others)
  A bush (D:10)
  4 fungi
  17 plants
22 creatures vanquished.

Grand Total: 597 creatures vanquished

Notes
Turn   | Place    | Note
-------+----------+-------------------------------------------
     0 | D:1      | letownia2 the Deep Dwarf Necromancer began the quest for the Orb.
     0 | D:1      | Reached XP level 1. HP: 15/15 MP: 3/3
   256 | D:4      | Reached XP level 2. HP: 13/22 MP: 0/5
   390 | D:4      | Found a staircase to the Ecumenical Temple.
   449 | Temple   | Entered the Ecumenical Temple
   671 | D:4      | Reached skill level 5 in Necromancy
   733 | D:4      | Noticed letownia2's ghost (weakling DDNe)
   805 | Temple   | Became a worshipper of Gozag Ym Sagoz the Greedy
   944 | D:3      | Reached XP level 3. HP: 9/28 MP: 0/6
   952 | D:2      | Learned a level 3 spell: Vampiric Draining
  1705 | D:1      | Reached XP level 4. HP: 18/36 MP: 2/8
  2460 | D:3      | Found a deep blue altar of Sif Muna.
  2579 | D:3      | Reached XP level 5. HP: 27/42 MP: 1/10
  2725 | D:3      | Noticed Natasha
  2730 | D:3      | Killed Natasha
  2730 | D:3      | Reached skill level 6 in Necromancy
  2843 | D:3      | Noticed Natasha
  2851 | D:3      | Killed Natasha
  2858 | D:3      | Noticed Natasha
  2863 | D:3      | Killed Natasha
  2969 | D:4      | Reached XP level 6. HP: 32/49 MP: 3/11
  2991 | D:4      | Reached skill level 7 in Necromancy
  3049 | D:4      | Found Ylaus's Armour Boutique.
  3198 | D:4      | Reached skill level 1 in Armour
  3509 | D:4      | Reached skill level 1 in Fighting
  3587 | D:5      | Entered Level 5 of the Dungeon
  3593 | D:5      | Reached XP level 7. HP: 35/57 MP: 4/12
  3638 | D:5      | Reached skill level 8 in Necromancy
  4040 | D:5      | Reached skill level 5 in Spellcasting
  4040 | D:5      | Reached XP level 8. HP: 47/64 MP: 4/15
  5158 | D:6      | Found a hide-covered altar of Uskayaw.
  5159 | D:6      | Found an iron altar of Okawaru.
  5160 | D:6      | Found a hazy altar of Hepliaklqana.
  5659 | D:7      | Reached skill level 1 in Axes
  5697 | D:7      | Gained mutation: You passively map the area around you. [Deep Dwarf growth]
  5697 | D:7      | Reached XP level 9. HP: 68/73 MP: 16/20
  5726 | D:7      | You fall through a shaft!
  6349 | D:8      | Reached skill level 5 in Axes
  6763 | D:8      | Learned a level 3 spell: Conjure Flame
  6765 | D:8      | Learned a level 1 spell: Flame Tongue
  6819 | D:9      | Found a staircase to the Orcish Mines.
  7056 | D:9      | Reached skill level 1 in Conjurations
  7056 | D:9      | Reached skill level 1 in Fire Magic
  7105 | D:9      | Reached XP level 10. HP: 67/80 MP: 15/23
  7193 | D:9      | Found a roughly hewn altar of Beogh.
  7447 | D:9      | Found a shimmering altar of Xom.
  7567 | D:9      | Found a glowing golden altar of the Shining One.
  7616 | D:10     | Entered Level 10 of the Dungeon
  7634 | D:10     | Noticed an obsidian statue
  7645 | D:10     | Noticed a two-headed ogre
  7653 | D:10     | Noticed a two-headed ogre
  7979 | D:9      | Reached skill level 9 in Necromancy
  8384 | D:10     | Found a staircase to the Lair.
  8398 | D:10     | Killed a two-headed ogre
  8398 | D:10     | Reached XP level 11. HP: 77/90 MP: 1/24
  8466 | D:10     | Noticed a white ugly thing
  8485 | D:10     | Killed a white ugly thing
  8572 | D:10     | Killed a two-headed ogre
  8750 | D:10     | Reached skill level 5 in Evocations
  9425 | D:11     | Noticed xight's ghost (journeyman DEFE)
  9498 | D:11     | Noticed a two-headed ogre
  9520 | D:11     | Killed a two-headed ogre
  9520 | D:11     | Reached skill level 10 in Necromancy
  9711 | D:11     | Killed xight's ghost
  9770 | D:11     | Reached skill level 11 in Necromancy
 10185 | D:11     | Reached XP level 12. HP: 72/99 MP: 19/25
 10187 | D:11     | Reached skill level 12 in Necromancy
 10567 | D:11     | Noticed Sonja
 10602 | D:11     | Reached skill level 13 in Necromancy
 10734 | D:11     | Noticed Sonja
 10734 | D:11     | Sonja changed into Sonja the shapeshifter
 10735 | D:11     | Noticed Erolcha
 10735 | D:11     | Noticed Sonja
 10735 | D:11     | Sonja the shapeshifter changed into Sonja the harpy
 10741 | D:11     | Killed Sonja the harpy
 10751 | D:11     | Killed Erolcha
 11355 | Lair:1   | Entered Level 1 of the Lair of Beasts
 11572 | Lair:2   | Reached skill level 14 in Necromancy
 11719 | Lair:2   | Found a dark tunnel.
 11724 | Lair:2   | Identified a scroll of acquirement
 11739 | Volcano  | Entered a volcano
 12003 | Volcano  | Noticed a two-headed ogre
 12005 | Volcano  | Killed a two-headed ogre
 12017 | Volcano  | Found a radiant altar of Vehumet.
 12017 | Volcano  | Noticed a two-headed ogre
 12017 | Volcano  | Noticed an ogre mage
 12018 | Volcano  | Noticed a two-headed ogre
 12023 | Volcano  | Killed a two-headed ogre
 12023 | Volcano  | Reached skill level 10 in Axes
 12030 | Volcano  | Gained mutation: You evolve. [potion of mutation]
 12030 | Volcano  | Gained mutation: Your flesh is heat resistant. (rF+) [potion of mutation]
 12032 | Volcano  | Killed an ogre mage
 12034 | Volcano  | Killed a two-headed ogre
 12059 | Volcano  | Noticed a red draconian
 12071 | Volcano  | Killed a red draconian
 12133 | Volcano  | Noticed a two-headed ogre
 12152 | Volcano  | Killed a two-headed ogre
 12152 | Volcano  | Reached XP level 13. HP: 39/105 MP: 20/26
 12394 | Lair:2   | Found a staircase to the Swamp.
 12980 | Orc:1    | Entered Level 1 of the Orcish Mines
 13044 | D:9      | Reached skill level 15 in Necromancy
 13576 | Orc:1    | Gained mutation: You have sharp toenails. [evolution]
 13672 | Orc:1    | Noticed a stone giant
 13697 | Orc:1    | Killed a stone giant
 13972 | Orc:2    | Entered Level 2 of the Orcish Mines
 13988 | Orc:2    | Found a staircase to the Elven Halls.
 14526 | Orc:2    | Found a roughly hewn altar of Beogh.
 14555 | Orc:2    | Found a roughly hewn altar of Beogh.
 14601 | Orc:2    | Found a roughly hewn altar of Beogh.
 14700 | Orc:2    | Found a roughly hewn altar of Beogh.
 14830 | Orc:2    | Found a roughly hewn altar of Beogh.
 14842 | Orc:2    | Found Qike's Antique Armour Shoppe.
 14958 | Orc:2    | Found a roughly hewn altar of Beogh.
 14982 | Orc:2    | Noticed hilaritas's ghost (journeyman TrHu)
 15189 | Lair:1   | Reached skill level 5 in Fighting
 15861 | Orc:2    | Found a roughly hewn altar of Beogh.
 15927 | Orc:2    | Found Wuppiciv's Distillery.
 16062 | Orc:2    | Noticed an orc warlord
 16070 | Orc:2    | Paralysed by an orc sorcerer for 3 turns
 16161 | Lair:2   | Quit the game

Skill      XL: |  1  2  3  4  5  6  7  8  9 10 11 12 13 |
---------------+----------------------------------------+-----
Spellcasting   | 2 3 5 7 9 |  9.5
Necromancy     | 5 6 7 8 9 11 14 15 | 15.0
Armour         | 2 4 |  4.9
Fighting       | 1 2 3 4 5 |  5.4
Axes           | 1 6 8 10 12 | 12.9
Conjurations   | 1 3 |  3.2
Fire Magic     | 1 3 |  3.4
Evocations     | 7 |  7.0
Dodging        | |  2.1
Stealth        | |  2.4

Action                   |  1- 3 |  4- 6 |  7- 9 | 10-12 | 13-15 || total
-------------------------+-------+-------+-------+-------+-------++-------
Melee: Unarmed           |    47 |       |       |       |       ||    47
       Dagger            |     6 |    66 |   409 |   128 |       ||   609
       Spear             |       |    15 |    64 |    21 |       ||   100
       Hand axe          |       |       |    23 |   114 |     1 ||   138
       Trident           |       |       |    14 |    48 |       ||    62
       Whip              |       |       |       |   213 |       ||   213
       Battleaxe         |       |       |       |       |   241 ||   241
       Kick              |       |       |       |       |    52 ||    52
Throw: Tomahawk          |       |     2 |     1 |    11 |       ||    14
 Cast: Pain              |    70 |    95 |    29 |    45 |     2 ||   241
       Vampiric Draining |     2 |    13 |    78 |   284 |   219 ||   596
       Conjure Flame     |       |       |       |    34 |    10 ||    44
Invok: Call Merchant     |       |       |       |     4 |     2 ||     6
Evoke: Wand              |       |       |       |    30 |    12 ||    42
  Use: Scroll            |       |       |     2 |    26 |     2 ||    30
       Potion            |       |       |       |     2 |     2 ||     4
 Stab: Sleeping          |     1 |       |       |       |       ||     1
       Distracted        |       |       |     1 |     4 |     3 ||     8
  Eat: Bread ration      |     1 |     2 |     2 |       |       ||     5
       Meat ration       |       |       |     1 |       |       ||     1
       Fruit             |       |       |       |     9 |     8 ||    17
       Royal jelly       |       |       |       |     4 |     3 ||     7
Armor: Ring mail         |    30 |    21 |       |       |       ||    51
       Scale mail        |       |    16 |   314 |   501 |   209 ||  1040
Dodge: Dodged            |    52 |    47 |   278 |   520 |   174 ||  1071
